 Dungeon Crawl Stone Soup version 0.18-a0-119-g02a7081 (webtiles) character file.

17 Duffy the Sneak (level 2, 0/13 HPs)
             Began as a Spriggan Enchanter on Nov 19, 2015.
             Slain by a worm (2 damage)
             ... on level 1 of the Dungeon.
             The game lasted 00:01:29 (1079 turns).

Duffy the Sneak (Spriggan Enchanter)                Turns: 1079, Time: 00:01:29

Health: 0/13       AC:  3    Str:  8    XL:     2   Next: 44%
Magic:  6/6        EV: 18    Int: 16    God:
Gold:   21         SH:  0    Dex: 16    Spells: 2 memorised, 3 levels left

rFire  . . .     SeeInvis +     a - +1 dagger
rCold  . . .     Clarity  .     b - +1 robe
rNeg   . . .     SustAt   .     (shield restricted)
rPois  .         Gourm    .     (helmet restricted)
rElec  .         Spirit   .     (no cloak)
rCorr  .         Warding  .     (gloves unavailable)
rMut   .         Stasis   .     (boots unavailable)
MR     .....                    (no amulet)
Stlth  +++.......               (no ring)
                                e - +4 ring of strength

@: very quick, not resistant to hostile enchantments, fairly stealthy
A: unfitting armour, see invisible, herbivore 3, speed 3, slow metabolism 2
a: no special abilities


You were on level 1 of the Dungeon.
You were not hungry.

You visited 1 branch of the dungeon, and saw 1 of its levels.

You collected 21 gold pieces.


Innate Abilities, Weirdness & Mutations

You are tiny and cannot use many weapons and most armour.
You have supernaturally acute eyesight.
You are a herbivore.
You cover ground extremely quickly.
You need consume almost no food.


   Skills:
 - Level 2.0 Short Blades
 - Level 3.0 Dodging
 - Level 5.0 Stealth
 + Level 2.7 Spellcasting
 + Level 3.7 Hexes


You had 3 spell levels left.
You knew the following spells:

 Your Spells              Type           Power        Failure   Level  Hunger
a - Ensorcelled Hibernat  Hex/Ice        #.....       14%         2    ##.....
r - Corona                Hex            ##.....      6%          1    #......

Inventory:

Hand Weapons
 a - a +1 dagger (weapon)
Armour
 b - a +1 robe (worn)
Jewellery
 e - a +4 ring of strength (left hand)
Scrolls
 f - 2 scrolls of noise {unknown}
 g - a scroll of immolation {unknown}
 j - a scroll of recharging {unknown}
 l - a scroll of amnesia {unknown}
Potions
 h - a potion of curing {unknown}
 i - a potion of cancellation {unknown}
 k - a potion of lignification {unknown}
Books
 c - a book of Maledictions
Comestibles
 d - a bread ration

Dungeon Overview and Level Annotations

Branches:
Dungeon (1/15)

Altars:


Message History

The worm bites you!
Ouch! That really hurt!
You are too injured to fight recklessly!
You are too injured to fight recklessly!
You are too injured to fight recklessly!
You are too injured to fight recklessly!
You are too injured to fight recklessly!
You are too injured to fight recklessly!
You are too injured to fight recklessly!
You are too injured to fight recklessly!
You are too injured to fight recklessly!
You are too injured to fight recklessly!
You are too injured to fight recklessly!
You are too injured to fight recklessly!
You are too injured to fight recklessly!
You are too injured to fight recklessly!
You are too injured to fight recklessly!
You are too injured to fight recklessly!
You are too injured to fight recklessly!
You are too injured to fight recklessly!
You are too injured to fight recklessly!
You hit the worm.
The worm is heavily wounded.
The worm closely misses you.
You hit the worm.
The worm is heavily wounded.
You hit the worm.
The worm is heavily wounded.
The worm bites you.
You hit the worm.
The worm is heavily wounded.
You barely miss the worm.
The worm is heavily wounded.
The worm bites you.
You die...

#.# ######.# #.#
#.# #.# ##'## ..
##...##
##.....##
##.......##
#.........#
+####+.........+
.......@.?.....#
.!....#w......##
......##.....##
##### ##...##
##+##


You could see a worm.

Action                   || total
-------------------------++-------
Melee: Dagger            ||    66
Throw: Stone             ||     5
 Stab: Sleeping          ||     4

Notes
Turn   | Place    | Note
--------------------------------------------------------------
     0 | D:1      | Duffy the Spriggan Enchanter began the quest for the Orb.
     0 | D:1      | Reached XP level 1. HP: 9/9 MP: 5/5
   433 | D:1      | Reached skill level 5 in Stealth
   443 | D:1      | Reached XP level 2. HP: 13/13 MP: 6/6
   626 | D:1      | Reached skill level 2 in Short Blades
   961 | D:1      | Learned a level 2 spell: Ensorcelled Hibernation
  1079 | D:1      | Slain by a worm

Vault maps used:
D:1:      dpeg_arrival_renting

Vanquished Creatures
  2 bats
  4 hobgoblins
  2 giant cockroaches
  3 giant newts
  A goblin
  3 kobolds
  2 rats
17 creatures vanquished.
